 Dungeon Crawl Stone Soup version 0.22-a0-377-g846bec1 (webtiles) character file.

1363 puppykicker the Poker (level 8, -3/91 HPs)
             Began as a Minotaur Arcane Marksman on Apr 27, 2018.
             Was a Follower of Wu Jian.
             Slain by an orc
             ... wielding a +0 trident of venom
              (5 damage)
             ... on level 5 of the Dungeon.
             The game lasted 00:32:14 (5759 turns).

puppykicker the Poker (Minotaur Arcane Marksman)    Turns: 5759, Time: 00:32:14

Health: -3/91      AC: 24    Str: 15    XL:     8   Next: 38%
Magic:  9/9        EV:  2    Int: 12    God:    Wu Jian [*.....]
Gold:   200        SH:  0    Dex: 11    Spells: 0/10 levels left

rFire    . . .     SeeInvis .   a - +0 trident
rCold    . . .     Gourm    .   (no shield)
rNeg     + + +     Faith    .   (armour currently unavailable)
rPois    +         Spirit   .   (helmet currently unavailable)
rElec    .         Reflect  .   (cloak currently unavailable)
rCorr    .         Harm     .   (gloves currently unavailable)
MR       .....     NoTele   +   (boots currently unavailable)
Stlth    +.........             o - amulet of the acrobat
HPRegen  0.65/turn              (no ring)
MPRegen  0.11/turn              (no ring)

@: lethally poisoned (-3 -> -3), tree-form
A: (retaliatory headbutt), regeneration 1, wild magic 1
a: Renounce Religion


You were on level 5 of the Dungeon.
You worshipped Wu Jian.
Wu Jian was aware of your devotion.
You were not hungry.
You were a tree.
You visited 2 branches of the dungeon, and saw 7 of its levels.

You collected 200 gold pieces.


Innate Abilities, Weirdness & Mutations

((You reflexively headbutt those who attack you in melee.))
((You have a pair of horns on your head.))
((You are partially covered in yellow scales. (AC +2)))
((Your flesh is heat resistant. (rF+)))
Your natural rate of healing is unusually fast.
Your spells are a little harder to cast, but a little more powerful.


   Skills:
 - Level 2.0 Fighting
 * Level 7.3 Polearms
 + Level 6.5 Bows
 - Level 3.3 Armour
 - Level 2.1 Dodging
 + Level 1.7 Spellcasting
 + Level 2.7 Hexes
 + Level 0.0 Charms
 - Level 2.0 Translocations


You couldn't memorise any spells.
You knew the following spells:

 Your Spells              Type           Power        Failure   Level  Hunger
a - Corona                Hex            #......      13%         1    ##.....
b - Slow                  Hex            #.......     21%         2    ###....
c - Portal Projectile     Hex/Tloc       #.....       38%         3    ####...
p - Blink                 Tloc           N/A          26%         2    ###....
w - Song of Slaying       Chrm           #.......     47%         2    ###....

Inventory:

Hand Weapons
 a - a +0 trident (weapon)
 b - a +0 shortbow
 c - a +0 blowgun
 t - the +4 dagger "Muijiah" {elec, Str+2}
   (You found it on level 4 of the Dungeon)

   Occasionally, upon striking a foe, it will discharge some electrical energy
   and cause terrible harm.
   It affects your strength (+2).
 w - a +0 glaive
Missiles
 d - 94 arrows
 s - 10 tomahawks (quivered)
 x - 27 poisoned needles
Armour
 e - a +2 ring mail of cold resistance (melded)
 n - a +0 hat (melded)
 v - a +0 chain mail
Jewellery
 o - an amulet of the acrobat (around neck)
Scrolls
 h - a scroll of fear
 j - 2 scrolls of noise {unknown}
 l - a scroll of enchant armour {unknown}
 q - a scroll of fog {unknown}
 r - a scroll of teleportation {unknown}
 y - a scroll of remove curse
 A - a scroll of random uselessness {unknown}
 B - a scroll of vulnerability {!r}
Potions
 p - 2 potions of cancellation
 u - a potion of lignification {!q}
 z - a potion of flight
Comestibles
 f - 9 rations

Dungeon Overview and Level Annotations

Branches:
Dungeon (6/15)             Temple (1/1) D:4

Altars:
Elyvilon
Kikubaaqudgha
Ru
Sif Muna
Trog
Vehumet
Wu Jian
Yredelemnul
Zin

Annotations:
D:6 Grinder

#.#.###..........#####...####
#.#)# #..........# #...#
#.#[###..........# #...#
#.#)##.........#.# ###.#
#.#.############.#######.#
#.#.########..o........#.#
#.#........o.#...#####.#.#
#.############o##### #.#.#
#...........♣F.....# #.#.#
##############.....# #.#.#
##########.....# #.#.#
#.........###### #.#.#
#.........# #.#.#
#.........########'#.###
#............#.........#
#............#.........#
########............#.....>...#


You could see a bullfrog and an orc.


Message History

You feel resistant to heat.
You begin to heal more quickly.
You feel sick. The orc hits you but does no damage.
The bullfrog hits you but does no damage.
Really quaff
i - a potion of mutation {!q}?
You feel extremely strange.
Your magical essence is no longer linked to your wands.
You shed all your fur.
Your rate of healing slows.
You begin to heal more quickly.
Yellow scales grow over part of your body.
You feel less in control of your magic. The bullfrog barely misses you.
The orc hits you but does no damage.
The bullfrog hits you but does no damage.
Unknown command.
Attack whom?
Aim: an orc, wielding a trident of venom and wearing a ring mail The bullfrog is in the way.
You barely miss the bullfrog.
The bullfrog is almost dead.
You feel sick. The bullfrog hits you.
* * * LOW HITPOINT WARNING * * *
The orc hits you but does no damage.
Unknown command.
Okay, then.
Attack whom?
Aim: an orc, wielding a trident of venom and wearing a ring mail The bullfrog is in the way.
You closely miss the bullfrog.
The bullfrog is almost dead.
You feel sick.
The bullfrog hits you but does no damage.
The orc hits you from afar with a trident of venom.
You die...

Action                   |  1- 3 |  4- 6 |  7- 9 || total
-------------------------+-------+-------+-------++-------
Melee: Whip              |    83 |    58 |       ||   141
       Headbutt          |     9 |    17 |    19 ||    45
       Trident           |       |    67 |    83 ||   150
       Glaive            |       |     6 |       ||     6
       Dagger            |       |       |    34 ||    34
 Fire: Shortbow          |    48 |    48 |    13 ||   109
Throw: Tomahawk          |       |       |     2 ||     2
 Cast: Slow              |       |     2 |       ||     2
Invok: Lunge             |       |       |     5 ||     5
       Whirlwind         |       |       |     4 ||     4
Evoke: Wand              |       |     6 |     2 ||     8
  Use: Scroll            |       |     6 |     4 ||    10
       Potion            |       |       |     6 ||     6
 Stab: Paralysed         |       |    10 |       ||    10
  Eat: Chunk             |     2 |     7 |     3 ||    12
       Ration            |       |       |     1 ||     1
Armor: Ring mail         |    34 |    67 |    34 ||   135
       Skin              |       |       |    10 ||    10
Dodge: Dodged            |    56 |   120 |    86 ||   262

Vault maps used:
D:1:      nzn_arrival_settlement
D:2:      serial_co_window_serial, co_window_corner_a, co_window_corner_a,
          co_window_paths_b, co_window_corner_a, co_window_corner_a,
          co_window_corner_a, co_window_2corner, co_window_2corner,
          co_window_of_opportunity_b, co_window_corner_cb,
          co_window_of_opportunity_c, glass_columns_b, glass_columns_a,
          first_ration
D:3:      old_standard_altar
D:4:      minmay_temple_entry_glassed_door, kennysheep_generic_room_13,
          uniq_menkaure, uniq_pikel
D:6:      lemuel_doored_altar, overflow_temple_1_default, uniq_grinder
Temple:   eino_temple_lava

Notes
Turn   | Place    | Note
-------+----------+-------------------------------------------
     0 | D:1      | puppykicker the Minotaur Arcane Marksman began the quest for the Orb.
     0 | D:1      | Reached XP level 1. HP: 16/16 MP: 1/1
   126 | D:1      | Reached XP level 2. HP: 23/23 MP: 2/2
   130 | D:1      | Learned a level 2 spell: Slow
   412 | D:1      | Reached skill level 1 in Armour
   490 | D:1      | Reached skill level 3 in Bows
   667 | D:1      | Reached skill level 2 in Fighting
   848 | D:2      | Reached XP level 3. HP: 29/29 MP: 3/3
  1425 | D:2      | Reached skill level 2 in Armour
  1483 | D:2      | Reached XP level 4. HP: 22/36 MP: 4/4
  2080 | D:3      | Reached skill level 4 in Bows
  2614 | D:3      | Found a sacrificial altar of Ru.
  2615 | D:3      | Reached XP level 5. HP: 41/41 MP: 5/5
  2745 | D:3      | Learned a level 3 spell: Portal Projectile
  3055 | D:4      | Noticed Menkaure
  3076 | D:4      | Killed Menkaure
  3076 | D:4      | Reached skill level 2 in Polearms
  3076 | D:4      | Reached skill level 3 in Armour
  3104 | D:4      | Reached XP level 6. HP: 26/48 MP: 6/6
  3204 | D:4      | Reached skill level 3 in Polearms
  3204 | D:4      | Reached skill level 5 in Bows
  3777 | D:4      | Noticed a slave
  3777 | D:4      | Noticed a slave
  3778 | D:4      | Noticed Pikel
  3805 | D:4      | Noticed a slave
  3805 | D:4      | Killed Pikel
  3805 | D:4      | Reached skill level 6 in Polearms
  3805 | D:4      | Reached skill level 6 in Bows
  3805 | D:4      | Reached XP level 7. HP: 9/55 MP: 7/7
  4112 | D:4      | Learned a level 2 spell: Blink
  4145 | D:4      | Found a staircase to the Ecumenical Temple.
  4150 | Temple   | Entered the Ecumenical Temple
  4157 | Temple   | Became a worshipper of the Wu Jian Council
  4181 | D:4      | Got a smoking dagger
  4182 | D:4      | Identified the +4 dagger "Muijiah" {elec, Str+2} (You found it on level 4 of the Dungeon)
  4270 | D:5      | Entered Level 5 of the Dungeon
  4522 | D:5      | Reached skill level 1 in Translocations
  4878 | D:5      | Reached XP level 8. HP: 54/61 MP: 8/8
  5155 | D:5      | Reached skill level 7 in Polearms
  5406 | D:6      | Noticed Grinder
  5510 | D:5      | Reached * piety under Wu Jian
  5510 | D:5      | Reached skill level 2 in Translocations
  5708 | D:5      | Learned a level 2 spell: Song of Slaying
  5754 | D:5      | HP: 9/91 [bullfrog (2)]
  5756 | D:5      | Gained mutation: You are covered in fur. (AC +1) [potion of mutation]
  5756 | D:5      | Gained mutation: You expend magic power (3 MP) to strengthen your wands. [potion of mutation]
  5756 | D:5      | Gained mutation: Your flesh is heat resistant. (rF+) [potion of mutation]
  5756 | D:5      | Gained mutation: Your natural rate of healing is unusually fast. [potion of mutation]
  5757 | D:5      | Lost mutation: You expend magic power (3 MP) to strengthen your wands. [potion of mutation]
  5757 | D:5      | Lost mutation: You are covered in fur. (AC +1) [potion of mutation]
  5757 | D:5      | Lost mutation: Your natural rate of healing is unusually fast. [potion of mutation]
  5757 | D:5      | Gained mutation: Your natural rate of healing is unusually fast. [potion of mutation]
  5757 | D:5      | Gained mutation: You are partially covered in yellow scales. (AC +2) [potion of mutation]
  5757 | D:5      | Gained mutation: Your spells are a little harder to cast, but a little more powerful. [potion of mutation]
  5758 | D:5      | HP: 3/91 [bullfrog (5)]
  5759 | D:5      | Slain by an orc

Vanquished Creatures
  Pikel (D:4)
  Menkaure (D:4)
  An orc warrior (D:5)
  An ogre (D:5)
  A centaur (D:5)
  A crimson imp (D:5)
  2 bullfrog zombies (D:5)
  3 orc wizards (D:5)
  A centaur skeleton (D:5)
  5 worker ants
  A hound skeleton (D:4)
  A worker ant zombie (D:5)
  6 adders
  3 oozes
  4 adder skeletons
  2 worms
  A dart slug (D:2)
  2 leopard geckos
  17 orcs
  A ball python (D:3)
  6 giant cockroaches
  6 goblins
  5 hobgoblins
  16 jackals
  3 quokkas
  4 bats
  4 frilled lizards
  14 kobolds
  12 rats
125 creatures vanquished.
